 Dungeon Crawl Stone Soup version 0.28.0 (webtiles) character file.

Game seed: 7965276122665312589

3 spaghetti the Sneak (level 1, -10/20 HPs)
             Began as a Deep Dwarf Delver on Feb 18, 2022.
             Mangled by an ogre (16 damage)
             ... on level 4 of the Dungeon.
             The game lasted 00:00:38 (175 turns).

spaghetti the Sneak (Deep Dwarf Delver)              Turns: 175, Time: 00:00:39

Health: -10/20     AC:  7    Str: 15    XL:     1   Next: 41%
Magic:  1/1        EV: 12    Int: 10    God:
Gold:   31         SH:  0    Dex: 14    Spells: 0/0 levels left

rFire   . . .      SeeInvis .   i - +0 dagger (venom)
rCold   . . .      Faith    .   (no shield)
rNeg    . . .      Spirit   .   b - +0 leather armour
rPois   .          Reflect  .   (no helmet)
rElec   .          Harm     .   (no cloak)
rCorr   .          Rampage  .   (no gloves)
Will    .....                   (no boots)
Stlth   +++.......              (no amulet)
HPRegen 0.00/turn               h - +4 ring of protection
MPRegen 0.07/turn               (no ring)

@: no status effects
A: damage resistance, heal wounds, sense surroundings 1, no regeneration
a: Heal Wounds


You were on level 4 of the Dungeon.
You visited 1 branch of the dungeon, and saw 2 of its levels.

You collected 31 gold pieces.

Inventory:

Hand Weapons
 a - a +0 hand axe
 i - a +0 dagger of venom (weapon)
Armour
 b - a +0 leather armour (worn)
Jewellery
 h - a +4 ring of protection (left hand)
Wands
 g - a wand of digging (3)
Scrolls
 c - a scroll of fog
 d - a scroll of magic mapping
 e - a scroll of fear
Potions
 f - a potion of haste


   Skills:
 - Level 2.7 Fighting
 - Level 2.3 Axes
 + Level 0.0 Armour
 - Level 2.2 Dodging
 - Level 6.0 Stealth


You couldn't memorise any spells.
You didn't know any spells.
Your spell library was empty.

Dungeon Overview and Level Annotations

Branches:
Dungeon (5/15)
 Temple: D:4-7

Altars:


Innate Abilities, Weirdness & Mutations

You are resistant to damage.
You can heal yourself by infusing magical energy.
You passively map a small area around you.
You do not regenerate.


Message History

Found a cloak.
You see here a +0 dagger of venom.
You see here a +0 cloak.
You see here a +0 cloak.
You see here a +0 dagger of venom.
i - a +0 dagger of venom Your +0 dagger of venom begins to drip with poison!
i - a +0 dagger of venom (weapon)
You see here a +0 cloak.
j - a scroll labelled ORAGET ODWEME
As you read the scroll labelled ORAGET ODWEME, it crumbles to dust.
It is a scroll of identify.
You don't have any unidentified items.
An ogre is nearby!
The ogre closely misses you.
You hit the ogre.
The ogre is poisoned.
The ogre is lightly wounded.
You hit the ogre.
The ogre looks as sick as possible!
The ogre is moderately wounded.
The ogre hits you with a +0 giant spiked club!
Ouch! That really hurt!
* * * LOW HITPOINT WARNING * * *
You are too injured to fight recklessly!
You are too injured to fight recklessly!
You are too injured to fight recklessly!
You are too injured to fight recklessly!
You are too injured to fight recklessly!
You are too injured to fight recklessly!
You are too injured to fight recklessly!
You are too injured to fight recklessly!
You are too injured to fight recklessly!
You are too injured to fight recklessly!
You are too injured to fight recklessly!
You are too injured to fight recklessly!
You are too injured to fight recklessly!
You hit the ogre.
The ogre looks as sick as possible!
The ogre is severely wounded.
The ogre hits you with a +0 giant spiked club!
Ouch! That really hurt!
You die...

##############
#.........[..# * *
#.##########.# , #.# #.#
** #.#####.# #.#
#.......#### #.#
#.###....O@# #.#
.##.####.# #.# #.....# #.#
#.# #...##..# #.#
####.######
##.......##.####.....#...#
, * # #...........###.).#
, * #.#.###.###.# #.#...#
, * #.#.# #.#
#.###.##.#### ..#.# #.#
#............


You could see an ogre (extremely poisoned).

Vanquished Creatures
  An orc (D:4)
  A goblin (D:4)
2 creatures vanquished.

Notes
Turn   | Place    | Note
-------+----------+-------------------------------------------
     0 | D:5      | spaghetti the Deep Dwarf Delver began the quest for the
                  | Orb.
     0 | D:5      | Reached XP level 1. HP: 20/20 MP: 1/1
    78 | D:5      | Noticed a necrophage
   126 | D:4      | Noticed an ogre
   175 | D:4      | Mangled by an ogre

Illustrated notes

Levels and vault maps discovered:
D:4:      layout_loops_ring, xom_butterflies, minmay_misc_feat_cross,
          minmay_starry_boxes
D:5:      kennysheep_windowed_halls, layout_basic

Action                   || total
-------------------------++-------
Melee: Hand axe          ||     8
       Dagger            ||     3
  Use: Scroll            ||     1
Armor: Leather armour    ||     1
Dodge: Dodged            ||     9
